Map: Simulacrum LE

Players

MaNa

  • Race: Protoss Protoss
  • Spawn Location: 11:00

Denver - Winner!

  • Race: Zerg Zerg
  • Spawn Location: 5:00

Event: IEM Katowice 2020

VOD

Have the link to the VOD?

Description

Time

  • Played on: Feb. 24, 2020, 6:24 a.m.
  • Length: 7:57

All games in this series

Show
View Real Time Build Order
Export as new Build Order

MaNa Protoss 

Build Orders: 1 Gate Expand, Mass Adepts, Zealot Archon, Archon Drop, Dark Templar Rush 

Get SALT Encoding   

  12  0:00  Probe  
  13  0:13  Pylon  
  13  0:17  Probe (Chrono Boost)  
  14  0:26  Probe (Chrono Boost)  
  15  0:31  Probe (Chrono Boost)  
  16  0:41  Gateway  
  16  0:43  Probe  
  17  0:50  Assimilator  
  17  0:55  Probe (Chrono Boost)  
  18  1:08  Probe (Chrono Boost)  
  19  1:16  Probe (Chrono Boost)  
  20  1:24  Probe  
  21  1:30  Nexus  
  21  1:40  Cybernetics Core  
  21  1:44  Probe  
  22  1:51  Pylon  
  22  1:56  Probe  
  22  1:58  Assimilator  
  23  2:09  Probe  
  23  2:14  Adept (Chrono Boost)  
  24  2:21  Probe  
  27  2:25  Twilight Council  
  27  2:27  Warp Gate  
  27  2:33  Probe  
  27  2:37  Stalker (Chrono Boost)  
  27  2:42  Probe  
  30  2:45  Probe  
  31  2:54  Probe  
  31  2:57  Probe  
  33  3:02  Robotics Facility  
  33  3:06  Probe  
  33  3:09  Probe  
  35  3:18  Probe  
  36  3:21  Probe  
  36  3:26  Gateway  
  37  3:27  Gateway  
  37  3:31  Gateway  
  37  3:32  Probe  
  38  3:35  Probe  
  38  3:38  Adept  
  41  3:42  Pylon  
  41  3:46  Warp Prism (Chrono Boost)  
  43  3:57  Dark Shrine  
  43  3:59  Assimilator  
  43  4:01  Assimilator  
  43  4:02  Probe  
  44  4:03  Probe  
  44  4:08  Pylon  
  45  4:23  Adept x2  
  45  4:24  Adept  
  51  4:25  Adept  
  51  4:27  Pylon  
  53  4:33  Probe  
  53  4:37  Pylon  
  55  4:44  Adept x3  
  55  4:45  Adept  
  62  4:46  Probe  
  63  4:54  Probe  
  63  4:58  Probe  
  65  5:06  Probe  
  66  5:10  Probe, Dark Templar x2  
  71  5:18  Probe  
  72  5:23  Probe  
  73  5:34  Dark Templar x2  
  77  5:42  Immortal (Chrono Boost)  
  73  5:43  Probe  
  73  5:48  Charge  
  73  5:49  Forge  
  78  5:58  Archon x2, Nexus  
  78  5:59  Pylon  
  77  6:05  Pylon  
  77  6:09  Probe  
  78  6:16  Immortal (Chrono Boost)  
  78  6:17  Probe, Sentry  
  85  6:20  Pylon  
  85  6:29  Probe, Sentry, Zealot  
  85  6:30  Zealot  
  85  6:31  Probe  
  89  6:48  Immortal (Chrono Boost)  
  89  6:57  Sentry x2  
  83  7:08  Zealot x2  
  87  7:16  Shield Battery  
  87  7:22  Zealot x2  
  87  7:30  Stalker x2  
  87  7:34  Gateway  
  87  7:36  Gateway  
  83  7:39  Gateway  
  73  7:47  Zealot  
  68  7:54  Zealot x2  
Show
View Real Time Build Order
Export as new Build Order

Denver Zerg - Winner!

Build Orders: Hatch First 

Get SALT Encoding   

  12  0:00  Drone  
  13  0:12  Overlord  
  13  0:17  Drone  
  14  0:31  Drone  
  15  0:44  Hatchery  
  15  0:48  Drone  
  15  0:52  Drone  
  15  0:56  Drone  
  17  1:00  Drone  
  18  1:10  Extractor  
  17  1:16  Spawning Pool  
  16  1:19  Drone  
  16  1:22  Drone  
  18  1:31  Drone  
  19  1:43  Drone  
  20  1:53  Drone  
  21  2:03  Queen x2  
  21  2:04  Zergling x4  
  27  2:11  Overlord  
  27  2:12  Metabolic Boost  
  27  2:16  Drone  
  28  2:31  Drone x3  
  31  2:41  Hatchery  
  31  2:42  Drone  
  31  2:47  Drone x2  
  33  2:54  Overlord  
  33  2:59  Drone  
  33  3:02  Queen  
  36  3:08  Spore Crawler  
  36  3:15  Drone x5  
  36  3:19  Overlord  
  41  3:29  Lair  
  41  3:34  Roach Warren  
  40  3:42  Extractor, Drone x4  
  40  3:43  Extractor  
  40  3:45  Drone  
  40  3:46  Drone  
  44  3:50  Overlord  
  44  3:56  Drone x3  
  44  4:02  Drone x2  
  49  4:12  Drone x2  
  49  4:13  Overlord  
  49  4:14  Roach x2  
  54  4:19  Roach  
  56  4:26  Glial Reconstitution, Overlord  
  56  4:32  Roach  
  56  4:33  Roach x2  
  56  4:34  Overlord  
  56  4:37  Overlord  
  56  4:38  Overseer  
  62  4:41  Roach  
  62  4:44  Roach  
  66  4:47  Roach  
  66  4:50  Roach x2  
  72  4:54  Roach  
  72  4:56  Roach  
  76  5:01  Roach x2  
  80  5:07  Roach  
  80  5:08  Roach x2  
  80  5:12  Overlord  
  80  5:14  Overseer  
  86  5:16  Drone x2  
  86  5:20  Overlord  
  84  5:29  Overseer  
  84  5:30  Drone  
  84  5:31  Drone x4  
  86  5:39  Drone x4  
  87  5:47  Roach  
  87  5:48  Roach  
  91  5:55  Roach x3  
  98  6:04  Roach x3  
  98  6:06  Overlord  
  98  6:10  Overlord  
  102  6:14  Roach  
  102  6:16  Overlord  
  104  6:21  Overlord  
  102  6:30  Roach x5  
  110  6:34  Roach x2  
  110  6:37  Ravager x2  
  116  6:41  Roach x2  
  116  6:46  Roach x2  
  122  6:53  Zergling x2  
  122  6:54  Zergling x10  
  127  7:02  Overlord  
  119  7:11  Overlord  
  119  7:12  Ravager  
  119  7:13  Zergling x8, Ravager  
  119  7:14  Overlord  
  123  7:17  Overlord  
  123  7:19  Queen  
  125  7:23  Ravager x2  
  125  7:27  Zergling x6  
  128  7:34  Roach x3  

Tags
 
Add a new tag
Caveats
  • Supply blocks, unpowered buildings, or Contaminate may cause inaccurate times.
  • Supply counts are checked every 10 seconds.